Match 38620279
Unlisted

Match 38620279
End
Vickers Machine Gun Team
Construct Section Command Post
Infantry Section
Infantry Section
Infantry Section
Construct Platoon Command Post
Construct Field Infirmary
Humber Armored Car
Infantry Section
Construct Company Command Post
Selects Heavy Armor Battlegroup
Selects Rigorous Vehicle Training
Royal Engineer Section
Foot Guards Section
Crusader II Medium Tank
Selects Light Vehicle Withdraw and Refit
Selects Radio Net
Crusader II Medium Tank
Unlock Bishop Self-propelled Artillery
Selects Recon Artillery
Bishop Self-propelled Artillery
6-pounder Anti-tank Gun Team
Unlock M3 Grant Medium Tanks
M3 Grant Medium Tank
Royal Engineer Section
Recon Artillery
只愛❤毛妹
Mistmoon
0
0

Comments sign in to comment!

No comments posted yet!